 Dungeon Crawl Stone Soup version 0.29-a0-338-g1ff7896281 (webtiles) character file.

Game seed: 490415082334417380

2947 Dauddaud the Severer (level 9, -2/106 HPs)
             Began as a Minotaur Berserker on Apr 18, 2022.
             Was a Priest of Trog.
             Slain by a yak (5 damage)
             ... on level 9 of the Dungeon.
             The game lasted 00:18:06 (9100 turns).

Dauddaud the Severer (Minotaur Berserker)           Turns: 9100, Time: 00:18:09

Health: -2/106     AC: 12    Str: 32    XL:     9   Next: 51%
Magic:  8/8        EV:  9    Int:  6    God:    Trog [***...]
Gold:   474        SH:  0    Dex: 10    Spells: 8/8 levels left

rFire   + . .      SeeInvis .   I - +3 hand axe of Sogon {venom, rN+ Int+2}
rCold   . . .      Faith    .   (no shield)
rNeg    + . .      Spirit   .   h - +2 chain mail {rPois}
rPois   +          Reflect  .   (helmet restricted)
rElec   .          Harm     .   (no cloak)
rCorr   .          Rampage  .   C - +0 pair of gloves
Will    .....                   (no boots)
Stlth   ..........              D - amulet of the acrobat
HPRegen 0.27/turn               m - ring of protection from fire
MPRegen 0.11/turn               n - +6 ring of strength

@: berserking, very quick
A: horns 2, retaliatory headbutt
a: Renounce Religion, Berserk, Trog's Hand


You were on level 9 of the Dungeon.
You worshipped Trog.
Trog was most pleased with you.
You visited 1 branch of the dungeon, and saw 9 of its levels.

You collected 529 gold pieces.
You spent 55 gold pieces at shops.

Inventory:

Hand Weapons
 a - a +0 hand axe
 I - the +3 hand axe of Sogon (weapon) {venom, rN+ Int+2}
   (You found it on level 6 of the Dungeon)

   It poisons the flesh of those it strikes.
   Int:       It affects your intelligence (+2).
   rN:        It protects you from negative energy.
Armour
 b - a +0 animal skin
 h - a +2 chain mail of poison resistance (worn)
 s - a scarf of harm
 C - a +0 pair of gloves (worn)
Jewellery
 m - a ring of protection from fire (left hand)
 n - a +6 ring of strength (right hand)
 r - a ring of resist corrosion
 D - an amulet of the acrobat (around neck)
Wands
 t - a wand of charming (8)
Scrolls
 d - 2 scrolls of identify
 f - 2 scrolls of torment
 g - 3 scrolls of immolation
 j - 3 scrolls of amnesia
 o - 3 scrolls of fog
 v - 2 scrolls of fear
 y - 3 scrolls of teleportation
 E - a scroll of enchant armour
 F - 2 scrolls of magic mapping
 G - a scroll of holy word
Potions
 c - 2 potions of berserk rage {unknown}
 e - 5 potions of curing {unknown}
 i - 5 potions of haste
 k - a potion of attraction {unknown}
 l - 2 potions of mutation {unknown}
 p - 2 potions of heal wounds
 q - 2 potions of ambrosia {unknown}
 u - a potion of degeneration {unknown}
 w - a potion of lignification {unknown}
 x - a potion of magic {unknown}
 z - 2 potions of brilliance {unknown}
 A - 2 potions of might {unknown}
 B - 4 potions of flight {unknown}
 H - a potion of cancellation {unknown}


   Skills:
 * Level 4.0 Fighting
 - Level 15.5 Axes
 * Level 3.0 Armour
 + Level 2.4 Dodging
 + Level 0.4 Evocations


You had 8 spell levels left.
You didn't know any spells.
Your spell library was empty.

Dungeon Overview and Level Annotations

Branches:
Dungeon (9/15)             Temple (0/1) D:7
   Lair: D:8-11         Orc: D:9-12

Altars:
Okawaru
Uskayaw
Wu Jian

Shops:
D:3 [[![


Innate Abilities, Weirdness & Mutations

You have a pair of horns on your head.
You reflexively headbutt those who attack you in melee.


Message History

You hit the yak. You slash the yak!
The yak looks as sick as possible!
You headbutt the yak!
The yak is severely wounded.
You barely miss the yak.
The orc warrior hits you from afar with a +0 trident!
The yak gores you. x2
You hit the yak. You headbutt the yak.
The yak is lightly wounded.
You barely miss the yak. You hit the yak. The yak gores you!
* * * LOW HITPOINT WARNING * * *
The orc warrior barely misses you.
The yak gores you but does no damage. x2
A red film seems to cover your vision as you go berserk!
You feel yourself moving faster!
You feel mighty! The yak gores you!
* * * LOW HITPOINT WARNING * * *
The yak gores you but does no damage. Something hits you.
* * * LOW HITPOINT WARNING * * *
The yak gores you!
* * * LOW HITPOINT WARNING * * *
The orc warrior hits you but does no damage.
You barely miss the yak. You headbutt the yak, but do no damage.
The yak is lightly wounded.
You completely miss the yak. You hit the yak.
The yak looks as sick as possible!
You hit something. You barely miss the yak. Your headbutt misses the yak.
The yak is lightly wounded.
You slash something! Trog accepts your kill.
Trog appreciates your killing of a magic user.
Reactivating autopickup.
You feel a bit more experienced.
You barely miss the yak. You slash the yak!
The yak looks as sick as possible!
Your Armour skill increases to level 3!
You slash the yak!
The yak is poisoned.
The yak is heavily wounded.
You slash the yak!
The yak looks as sick as possible!
You slash the yak!
You feel the power of Trog in you as your rage grows.
You kill the yak!
Trog accepts your kill. The yak gores you but does no damage.
The yak gores you.
You die...

##+#########
#..........####+#######
#..........##..........
#..........#...YY......
#..............@†o.....
#..........##...)......
#).........##..........
#..........#######+####
##'######### #....#
#.### ###'#######
#...#### #..<......#
###....# ###.#####.###
#######.###.'.#


You could see 2 yaks and an orc warrior.

Vanquished Creatures
  A hornet (D:8)
  Grinder (D:3)
  2 yaks (D:9)
  A steam dragon (D:7)
  A water moccasin (D:7)
  An orc warrior (D:8)
  A black bear (D:4)
  A sky beast (D:7)
  An ice beast (D:7)
  An ogre (D:4)
  A centaur (D:7)
  2 necrophages (D:5)
  4 bullfrogs
  2 scorpions (D:5)
  7 wights
  3 howler monkeys
  2 hounds (D:7)
  2 jellies
  7 orc priests
  4 orc wizards
  Robin (D:2)
  4 gnolls
  8 adders
  2 shadow imps
  2 white imps
  3 worms
  2 dart slugs
  19 orcs
  8 ball pythons
  3 bats
  4 endoplasms
  2 giant cockroaches
  9 goblins
  7 hobgoblins
  4 jackals (D:1)
  A quokka (D:4)
  3 frilled lizards
  5 kobolds
  4 rats (D:1)
136 creatures vanquished.

Vanquished Creatures (others)
  A plant (D:3)
1 creature vanquished.

Grand Total: 137 creatures vanquished

Notes
Turn   | Place    | Note
-------+----------+-------------------------------------------
     0 | D:1      | Dauddaud the Minotaur Berserker began the quest for the
                  | Orb.
     0 | D:1      | Reached XP level 1. HP: 19/19 MP: 0/0
    80 | D:1      | Reached skill level 4 in Axes
   279 | D:1      | Reached XP level 2. HP: 5/26 MP: 1/1
   789 | D:1      | Found a faded altar of an unknown god.
   839 | D:1      | Reached skill level 5 in Axes
   842 | D:1      | Reached XP level 3. HP: 22/31 MP: 2/2
  1630 | D:2      | Noticed Robin
  1641 | D:2      | Killed Robin
  1653 | D:2      | Reached skill level 6 in Axes
  1653 | D:2      | Reached XP level 4. HP: 35/39 MP: 3/3
  2375 | D:3      | Found Zafuef's Distillery.
  2471 | D:3      | Found Cuigumy's Armour Emporium.
  2499 | D:3      | Found Yrgheim's Antique Armour Shop.
  2507 | D:3      | Reached ** piety under Trog
  2534 | D:3      | Found an iron altar of Okawaru.
  2655 | D:3      | Noticed Grinder
  2656 | D:3      | Paralysed by Grinder for 3 turns
  2661 | D:3      | Paralysed by Grinder for 3 turns
  2671 | D:3      | Paralysed by Grinder for 7 turns
  2963 | D:3      | Killed Grinder
  2964 | D:3      | Reached skill level 8 in Axes
  2964 | D:3      | Reached XP level 5. HP: 38/45 MP: 4/4
  2964 | D:3      | Reached XP level 6. HP: 43/51 MP: 5/5
  3112 | D:3      | Bought a potion of heal wounds for 55 gold pieces
  3151 | D:3      | Found Muwod's Armour Shop.
  3627 | D:4      | Reached skill level 9 in Axes
  3902 | D:4      | You fall into a shaft and drop 3 floors!
  3948 | D:5      | Entered Level 5 of the Dungeon
  4098 | D:4      | Found an ornate altar of the Wu Jian Council.
  4122 | D:5      | Reached XP level 7. HP: 45/57 MP: 6/6
  4278 | D:4      | Reached skill level 10 in Axes
  5186 | D:5      | Reached skill level 11 in Axes
  5654 | D:6      | Reached XP level 8. HP: 56/64 MP: 7/7
  6084 | D:6      | Reached skill level 12 in Axes
  6278 | D:7      | Found a staircase to the Ecumenical Temple.
  6479 | D:7      | Reached skill level 13 in Axes
  7102 | D:7      | Reached skill level 14 in Axes
  7166 | D:7      | Found a hide-covered altar of Uskayaw.
  7180 | D:7      | Reached XP level 9. HP: 63/70 MP: 8/8
  7749 | D:8      | Reached skill level 15 in Axes
  7754 | D:8      | Reached *** piety under Trog
  8600 | D:6      | Identified the +3 hand axe of Sogon {venom, rN+ Int+2}
  9097 | D:9      | HP: 3/106 [yak (9)]
  9100 | D:9      | Slain by a yak

Illustrated notes

Levels and vault maps discovered:
D:1:      sevenhm_arrival_forest_fort_large_2, layout_loops_ring,
          hellmonk_ecumenical_altar_blasted, minmay_pentomino_w2
D:2:      layout_loops_cross, st_stairs_4, kennysheep_nub,
          grunt_decor_one_mirror, uniq_robin
D:3:      layout_basic, mainiacjoe_overflow_catwalk, serial_shops,
          nicolae_shop_overgrown_old_shop, nicolae_shop_waterfront, shop,
          nicolae_shop_competitors_out_of_business, chequers_big_river,
          minivault_19, uniq_grinder
D:4:      layout_basic, nicolae_overflow_hidden_temple, grunt_ministairs_15
D:5:      layout_rooms, serial_glass, glass_columns_a, glass_columns_a,
          glass_columns_a, glass_columns_b, grunt_decor_arrowhead
D:6:      layout_basic, minmay_misc_feat_more_columns
D:7:      layout_loops_ring, mainiacjoe_overflow_surrounded_room,
          minmay_temple_entry_trees
D:8:      layout_layer_cave, water_maze_lemuel
D:9:      layout_roguey, old_standard_altar, david_orc_2,
          gammafunk_ghost_stat_death, kennysheep_generic_room_6, uniq_pikel

Skill      XL: |  1  2  3  4  5  6  7  8  9 |
---------------+----------------------------+-----
Axes           | 4 5 6 8 9 11 14 15 | 15.5
Fighting       | 4 |  4.0
Armour         | 3 |  3.0
Dodging        | |  2.4
Evocations     | |  0.4

Action                   |  1- 3 |  4- 6 |  7- 9 || total
-------------------------+-------+-------+-------++-------
Melee: Hand axe          |    69 |   120 |   252 ||   441
       Headbutt          |    11 |    13 |    41 ||    65
       Punch             |       |     1 |     1 ||     2
Invok: Berserk           |     1 |     3 |     4 ||     8
       Trog's Hand       |       |     1 |       ||     1
  Use: Scroll            |       |       |     8 ||     8
Armor: Animal skin       |     7 |       |       ||     7
       Chain mail        |    16 |    54 |    80 ||   150
Dodge: Dodged            |    31 |    41 |    85 ||   157

Table legend: (Time is in decaauts)
 A = Elapsed time spent in this place.
 B = Non-inter-level travel time spent in this place.
 C = Inter-level travel time spent in this place.
 D = Time resting spent in this place.
 E = Time spent auto-exploring this place.
 F = Levels seen in this place.
 G = Mean time per level.
                   A        B        C        D        E       F      G
               +--------+--------+--------+--------+--------+-----+--------+
         Total |   9088 |   8646 |    442 |   1775 |   5890 |   9 | 1009.8 |
       Dungeon |   9088 |   8646 |    442 |   1775 |   5890 |   9 | 1009.8 |
               +--------+--------+--------+--------+--------+-----+--------+

Top non-repeatable levels by time:
     D:1: 1601 daAuts
     D:8: 1476 daAuts
     D:4: 1315 daAuts
     D:7: 1231 daAuts
     D:6: 1038 daAuts
     D:3: 1036 daAuts
     D:2: 763 daAuts
     D:5: 577 daAuts
     D:9: 48 daAuts
